Map: Abyssal Reef LE

Players

Serral

  • Race: Zerg Zerg
  • League: Master
  • Spawn Location: 5:00

SortOf - Winner!

  • Race: Zerg Zerg
  • League: Master
  • Spawn Location: 11:00

Event: HomeStory Cup XV

VOD

Have the link to the VOD?

Description

Time

  • Played on: July 22, 2017, 9:05 a.m.
  • Length: 7:48

All games in this series

Show
View Real Time Build Order
Export as new Build Order

Serral Zerg 

Build Orders: Hatch First 

Get SALT Encoding   

  12  0:00  Drone  
  13  0:13  Overlord  
  13  0:17  Drone  
  14  0:31  Drone x2  
  14  0:35  Drone  
  17  0:52  Hatchery  
  17  0:55  Drone  
  17  0:58  Drone  
  18  1:08  Extractor  
  17  1:12  Spawning Pool  
  17  1:16  Drone  
  17  1:19  Drone  
  18  1:28  Drone  
  19  1:39  Overlord  
  19  1:59  Queen  
  19  2:00  Zergling x2  
  19  2:01  Zergling x2  
  23  2:04  Queen  
  23  2:05  Zergling x2  
  23  2:07  Metabolic Boost  
  26  2:12  Drone  
  26  2:15  Drone  
  28  2:24  Drone  
  28  2:27  Baneling Nest  
  28  2:29  Drone  
  29  2:33  Drone  
  30  2:37  Drone  
  31  2:50  Hatchery  
  30  2:52  Drone  
  31  3:01  Overlord  
  31  3:05  Drone x2  
  33  3:12  Zergling x8  
  36  3:14  Baneling  
  36  3:18  Overlord  
  36  3:22  Baneling x2  
  36  3:24  Zergling x2  
  34  3:39  Zergling x6  
  31  3:45  Zergling x10  
  29  3:56  Zergling x6  
  29  3:58  Baneling x2  
  31  4:08  Drone x4  
  30  4:11  Drone  
  30  4:15  Drone  
  32  4:20  Zergling x2  
  33  4:27  Zergling x4  
  33  4:30  Drone  
  36  4:34  Drone x2  
  38  4:41  Queen  
  38  4:44  Drone x2  
  42  4:46  Drone  
  43  4:53  Queen  
  43  4:56  Drone  
  43  4:58  Drone  
  47  5:00  Drone  
  47  5:06  Drone, Overlord  
  49  5:08  Drone  
  50  5:15  Queen  
  50  5:16  Drone  
  50  5:17  Drone  
  50  5:18  Drone  
  55  5:23  Overlord  
  55  5:26  Baneling  
  55  5:27  Baneling x3  
  53  5:46  Drone x2  
  53  5:49  Drone x2  
  48  5:50  Drone x4  
  51  5:59  Drone x4  
  55  6:04  Evolution Chamber, Roach Warren  
  55  6:06  Zergling x6  
  55  6:10  Baneling  
  56  6:11  Baneling  
  56  6:12  Drone x3  
  56  6:15  Overlord  
  56  6:17  Drone  
  60  6:22  Drone x2  
  60  6:25  Drone x2  
  64  6:29  Drone x2  
  66  6:37  Overlord  
  66  6:38  Extractor  
  66  6:39  Extractor  
  62  6:44  Roach  
  62  6:45  Roach  
  63  6:47  Roach x2  
  63  6:48  Roach  
  69  6:55  Queen x2, Roach  
  69  6:56  Spine Crawler  
  69  6:57  Spine Crawler  
  69  7:00  Zergling x6  
  76  7:03  Roach  
  78  7:09  Roach x2, Overlord x2  
  83  7:23  Overlord x2  
  83  7:24  Spine Crawler  
  83  7:25  Spine Crawler  
Show
View Real Time Build Order
Export as new Build Order

SortOf Zerg - Winner!

Build Orders: Pool First, Zergling Baneling 

Get SALT Encoding   

  12  0:00  Drone  
  13  0:13  Overlord  
  13  0:17  Drone  
  14  0:32  Drone x2  
  17  0:35  Drone  
  17  0:46  Extractor, Drone  
  17  0:50  Spawning Pool  
  17  0:56  Drone  
  17  1:07  Drone  
  18  1:19  Hatchery  
  18  1:23  Drone  
  18  1:37  Queen  
  18  1:39  Zergling x2  
  21  1:41  Zergling x2  
  22  1:48  Metabolic Boost  
  22  1:55  Overlord  
  22  2:06  Baneling Nest  
  22  2:07  Drone  
  22  2:16  Drone  
  23  2:25  Zergling x2  
  24  2:31  Zergling x2  
  24  2:36  Zergling x2  
  26  2:41  Hatchery  
  26  2:43  Zergling x2  
  26  2:50  Zergling x4  
  28  2:53  Baneling x2  
  28  2:56  Baneling x2  
  28  3:01  Zergling x2  
  29  3:09  Zergling x2  
  29  3:10  Zergling x4  
  32  3:18  Overlord  
  32  3:21  Zergling x2  
  32  3:23  Drone  
  32  3:26  Drone  
  34  3:39  Drone x4  
  35  3:43  Zergling x2  
  35  3:47  Baneling  
  33  3:54  Queen  
  33  3:55  Drone  
  34  4:00  Drone  
  34  4:02  Drone  
  36  4:03  Drone  
  36  4:06  Drone  
  36  4:08  Zergling x2  
  39  4:11  Baneling x2  
  39  4:13  Zergling x2  
  40  4:18  Zergling x2  
  40  4:20  Drone  
  40  4:21  Overlord  
  42  4:26  Drone  
  42  4:28  Drone  
  42  4:29  Drone  
  45  4:35  Zergling x6  
  47  4:38  Drone x2  
  47  4:39  Drone  
  47  4:41  Baneling x2  
  50  4:49  Queen  
  50  4:52  Drone, Overlord  
  53  4:53  Zergling x2  
  53  4:59  Baneling x4  
  54  5:01  Zergling x4  
  54  5:05  Overlord  
  56  5:09  Overlord  
  56  5:15  Overlord  
  56  5:17  Drone x4  
  60  5:22  Extractor, Drone  
  60  5:23  Roach Warren  
  60  5:25  Drone  
  62  5:28  Zergling x4  
  62  5:29  Drone  
  62  5:32  Drone  
  64  5:36  Drone  
  62  5:47  Drone  
  62  5:49  Zergling x6  
  61  5:56  Baneling x2  
  61  5:58  Extractor, Overlord  
  61  5:59  Overlord  
  61  6:03  Roach  
  61  6:04  Roach x4  
  70  6:11  Roach x2  
  70  6:17  Roach x2, Overlord  
  78  6:24  Drone  
  78  6:25  Roach x2  
  83  6:26  Overlord  
  87  6:32  Roach  
  87  6:33  Roach  
  87  6:36  Roach x2  
  89  6:45  Zergling x10  
  94  6:51  Zergling x4  
  94  6:52  Zergling x12  
  102  6:55  Zergling x2  
  102  6:57  Evolution Chamber  
  102  7:01  Drone  
  102  7:02  Zergling x2  
  102  7:03  Zergling x6  
  102  7:04  Baneling x7  
  107  7:14  Zergling x6  
  109  7:20  Zergling x2  
  109  7:21  Zergling x2  
  109  7:24  Baneling x5  
  109  7:25  Baneling x2  
  109  7:26  Zergling x10  
Tags
 
Add a new tag
Caveats
  • Supply blocks, unpowered buildings, or Contaminate may cause inaccurate times.
  • Supply counts are checked every 10 seconds.